AoeStats
← Wiiner

Arena

510719294Analyzed
2v2 RM · 17h ago on Oct 2, 2026· 52m 56s· 4 players
Game mode
Random Map
Map size
Medium (4 player)
Population
200
Speed
Normal
Resources
Standard
Victory
Conquest
Starting age
Dark Age
Ending age
Imperial Age
RankedLock teamsTeams togetherTeam positionsShared explorationLock speedFull tech treeHidden civsTurbo modeCheats
Victory
Defeat
🇬🇧 Malay · United Kingdom
850
+15
🇪🇸 Goths · Spain
792
+17
🇻🇳 Franks · Vietnam
855
-17
🇸🇬 Inca · Singapore
792
-15
$
9:46 Feudal Age
15:45 Castle Age
24:12 Loom
24:37 Double-Bit Axe
27:51 Horse Collar
29:49 Wheelbarrow
29:57 Bow Saw
31:06 Hand Cart
33:05 Town Watch
33:36 Gold Mining
34:17 Heavy Plow
34:54 Gold Shaft Mining
34:14 Stone Mining
38:30 Imperial Age
37:11 Gold Shaft Mining
37:19 Stone Shaft Mining
38:24 Caravan
39:51 Crop Rotation
38:48 Elite Kamayuk
39:35 Squires
39:21 Arson
40:39 Conscription
41:46 Town Patrol
42:07 Forging
41:57 Scale Mail Armor
43:01 Siege Engineers
42:37 Treadmill Crane
49:27 Murder Holes
Wiiner
11:37 Feudal Age
14:02 Stone Mining
16:43 Castle Age
17:42 Fletching
19:36 Loom
28:14 Bodkin Arrow
36:16 Imperial Age
36:20 Gold Mining
36:21 Double-Bit Axe
41:59 Scale Barding Armor
45:01 Husbandry
46:06 Cavalier
47:10 Forging
TornBee2533810
3:05 Loom
12:29 Feudal Age
18:03 Castle Age
16:22 Stone Mining
18:06 Double-Bit Axe
24:11 Forging
28:13 Wheelbarrow
27:59 Bow Saw
29:05 Iron Casting
31:31 Hand Cart
31:39 Horse Collar
36:07 Imperial Age
37:35 Elite Karambit Warrior
39:27 Pikeman
40:38 Squires
40:42 Heavy Scorpion
42:30 Heavy Plow
46:56 Chemistry
46:17 Ballistics
[ALT F4] ElPrimoRitis
0:26 Loom
11:49 Feudal Age
12:37 Double-Bit Axe
12:33 Horse Collar
17:57 Castle Age
16:37 Stone Mining
17:16 Forging
19:35 Bow Saw
22:41 Fletching
35:31 Wheelbarrow
35:49 Bodkin Arrow
36:30 Iron Casting
41:54 Imperial Age
39:28 Anarchy
44:25 Imperial Age
44:06 Pikeman
44:42 Halberdier
45:23 Squires
48:59 Perfusion
49:20 Conscription
Connection lost

Rejoining the realm…

Still unreachable

The connection could not be restored.

Session expired

The server has moved on; the page needs a fresh start.